 Dungeon Crawl Stone Soup version 0.16-a0-4113-g7d8e295 (webtiles) character file.

198 timbw the Sneak (level 5, 0/31 HPs)
             Began as a High Elf Enchanter on Feb 28, 2015.
             Slain by a giant frog (5 damage)
             ... on level 8 of the Dungeon.
             The game lasted 00:05:15 (1005 turns).

timbw the Sneak (High Elf Enchanter)                Turns: 1005, Time: 00:05:15

Health: 0/31       AC:  4    Str:  7    XL:     5   Next: 47%
Magic:  1/12       EV: 13    Int: 19    God:
Gold:   82         SH:  0    Dex: 16    Spells: 3 memorised, 2 levels left

rFire  + . .     SeeInvis .     a - +1 dagger
rCold  . . .     Clarity  .     b - +1 robe
rNeg   . . .     SustAb   .     (no shield)
rPois  .         Gourm    .     o - +0 helmet
rElec  .         Spirit   .     (no cloak)
rCorr  .         Warding  .     (no gloves)
rMut   .         Stasis   .     (no boots)
MR     .....                    (no amulet)
Stlth  +++.......               (no ring)
                                g - ring of protection from fire

@: very slightly contaminated, not resistant to hostile enchantments, fairly
stealthy
A: no striking features
a: no special abilities


You were on level 8 of the Dungeon.
You were not hungry.

You visited 1 branch of the dungeon, and saw 8 of its levels.

You collected 82 gold pieces.

Inventory:

Hand weapons
 a - a +1 dagger (weapon)
Missiles
 k - 12 poisoned needles
Armour
 b - a +1 robe (worn)
 o - a +0 helmet (worn)
Jewellery
 g - a ring of protection from fire (left hand)
Scrolls
 e - a scroll of blinking {unknown}
 f - 2 scrolls of identify {unknown}
 j - 3 scrolls of teleportation {unknown}
 m - a scroll of enchant weapon {unknown}
Potions
 h - 2 potions of heal wounds
 n - a potion of magic {unknown}
Books
 c - a book of Maledictions

   Spells                             Type                      Level
   a - Corona                         Hexes                        1
   b - Sure Blade                     Hexes/Charms                 2
   c - Ensorcelled Hibernation        Hexes/Ice                    2
   d - Confuse                        Hexes                        3
   e - Dazzling Spray                 Conjuration/Hexes            3
   f - Enslavement                    Hexes                        4
Comestibles
 d - 3 bread rations
 i - a meat ration
 l - 2 fruits
 p - a chunk of flesh


   Skills:
 + Level 3.9 Short Blades
 - Level 2.1 Dodging
 + Level 4.7 Stealth
 - Level 2.4 Spellcasting
 + Level 4.4 Hexes


You had 2 spell levels left.
You knew the following spells:

 Your Spells              Type           Power        Failure   Level  Hunger
a - Corona                Hex            ###....      2%          1    #......
b - Ensorcelled Hibernat  Hex/Ice        ##....       12%         2    ##.....
c - Dazzling Spray        Conj/Hex       ##......     21%         3    ###....


Dungeon Overview and Level Annotations

Branches:
Dungeon (8/15)
 Temple: D:4-7         Lair: D:8-11

Altars:
Okawaru

Annotations:
D:4 Edmund; timbw's ghost, average HEIE


Message History

You see here 9 gold pieces.
Casting: Ensorcelled Hibernation
Confirm with . or Enter, or press ? or * to list all spells.
Aiming: Ensorcelled Hibernation
Press: ? - help, Shift-Dir - straight line, f - adder
Aim: an adder (chance 50%)
The adder looks drowsy...
The helpless adder fails to defend itself.
You impale the adder!!
You kill the adder!
Casting: Ensorcelled Hibernation
Confirm with . or Enter, or press ? or * to list all spells.
Aiming: Ensorcelled Hibernation
Press: ? - help, Shift-Dir - straight line, f - giant frog
Aim: a giant frog (chance 41%)
The giant frog resists with some effort.
The giant frog hits you!
* * * LOW HITPOINT WARNING * * *
The giant frog hits you.
You die...

....... Z....!...#
.#.###. .........#
.#...# .........#
...# # ..........#
...# ...!......#
...# # ..........#
...#.#..........$#
.......#.##[...#F#
.......#.##.####@#
.........s.......#
.......#..#......#
..).... ######.#
.......
.######.### #.....
...........# ###.#
##.######.#.# ###
... .#....#.#.# ..
..####.....#.#..


You could see a giant frog and a scorpion (wandering).

Vanquished Creatures
  A sky beast (D:8)
  A hound (D:3)
  6 adders
  A giant gecko (D:3)
  An orc (D:3)
  4 bats
  A giant cockroach (D:1)
  2 goblins
  4 hobgoblins
  4 kobolds
  2 quokkas
  A ball python (D:2)
  A giant gecko skeleton (D:3)
  A quokka zombie (D:3)
  2 rats (D:3)
32 creatures vanquished.

Notes
Turn   | Place    | Note
--------------------------------------------------------------
     0 | D:1      | timbw, the High Elf Enchanter, began the quest for the Orb.
     0 | D:1      | Reached XP level 1. HP: 11/11 MP: 4/4
   128 | D:2      | Reached XP level 2. HP: 12/17 MP: 6/6
   132 | D:2      | Learned a level 2 spell: Ensorcelled Hibernation
   212 | D:2      | Reached XP level 3. HP: 21/21 MP: 5/8
   321 | D:4      | Noticed timbw's ghost (average HEIE)
   338 | D:3      | Reached skill level 4 in Stealth
   338 | D:3      | Reached XP level 4. HP: 18/27 MP: 0/11
   389 | D:3      | Learned a level 3 spell: Dazzling Spray
   686 | D:3      | Found an iron altar of Okawaru.
   772 | D:4      | Noticed Edmund
   783 | D:5      | Entered Level 5 of the Dungeon
   890 | D:8      | Noticed a sky beast
   896 | D:8      | Killed a sky beast
   896 | D:8      | Reached XP level 5. HP: 31/31 MP: 4/12
   998 | D:8      | Noticed a giant frog
  1005 | D:8      | Slain by a giant frog

Action                   |  1- 3 |  4- 6 || total
-------------------------+-------+-------++-------
Melee: Dagger            |    53 |    35 ||    88
 Cast: Corona            |     6 |       ||     6
       Ensorcelled Hiber |     9 |    13 ||    22
       Dazzling Spray    |       |     2 ||     2
  Use: Potion            |     2 |       ||     2
 Stab: Sleeping          |     8 |     8 ||    16
       Invisible         |       |     1 ||     1
  Eat: Chunk             |       |     2 ||     2
